 Dungeon Sprint DCSS version 0.30-a0-34-gbe8da3892a (webtiles) character file.

Game seed: 14733750024520476437

1206 mhtbhm the Eclecticist (level 8, -8/42 HPs)
             Began as a Deep Elf Fire Elementalist on Aug 27, 2022.
             Was a Believer of Vehumet.
             Mangled by a two-headed ogre
             ... wielding a +0 giant club
              (19 damage)
             ... in the Dungeon (Sprint III: "The Ten Rune Challenge").
             The game lasted 00:03:26 (1644 turns).

mhtbhm the Eclecticist (Deep Elf Fire Elementalist) Turns: 1644, Time: 00:03:27

Health: -8/42      AC:  2    Str:  4    XL:     8   Next: 21%
Magic:  16/29      EV: 14    Int: 27    God:    Vehumet [**....]
Gold:   31         SH:  0    Dex: 14    Spells: 24/37 levels left

rFire   . . .      SeeInvis .    e - +1 long sword (holy)
rCold   . . .      Faith    .    (no shield)
rNeg    . . .      Spirit   .    a - +0 robe
rPois   +          Reflect  .    (helmet restricted)
rElec   .          Harm     .    (no cloak)
rCorr   .          Rampage  .    (no gloves)
Will    .....      NoTele   +    (no boots)
Stlth   +++.......               (no amulet)
HPRegen 0.14/turn                (no ring)
MPRegen 0.21/turn                (no ring)

@: no status effects
A: antennae 1, clever 1, poison resistance
a: Renounce Religion


You were in the Dungeon.
You worshipped Vehumet.
Vehumet was pleased with you.
You visited 1 branch You collected 31 gold pieces.

Inventory:

Hand Weapons
 e - a +1 long sword of holy wrath (weapon)
Armour
 a - a +0 robe (worn)
Scrolls
 d - a scroll of immolation {unknown}
 h - a scroll of vulnerability {unknown}
 i - a scroll of poison {unknown}
 j - 2 scrolls of identify
Potions
 b - 3 potions of magic
 c - a potion of curing
 f - a potion of berserk rage
 g - a potion of heal wounds
 k - 2 potions of might
 l - 5 potions of mutation
Miscellaneous
 m - a piece from Xom's chessboard (15/15)


   Skills:
 + Level 0.7 Fighting
 + Level 6.1 Dodging
 + Level 5.3 Stealth
 + Level 15.0 Spellcasting
 + Level 5.7 Conjurations
 + Level 13.0 Fire Magic


You had 24 spell levels left.
You knew the following spells:

 Your Spells              Type           Power      Damage    Failure   Level
a - Foxfire               Conj/Fire      100%       2x1d9     1%          1
b - Scorch                Fire           100%       2d10      1%          2
c - Conjure Flame         Conj/Fire      63%        6-21      1%          3
d - Inner Flame           Hex/Fire       53%        N/A       1%          3
e - Flame Wave            Conj/Fire      63%        2d15      1%          4

Your spell library contained the following spells:

 Spells                   Type           Power      Damage    Failure   Level
 Freeze                   Ice            80%        1d9       2%          1
 Sublimation of Blood     Necr           20%        N/A       3%          2
 Summon Guardian Golem    Hex/Summ       20%        N/A       8%          3
 Irradiate                Conj/Tmut      17%        3d17      22%         5
 Petrify                  Tmut/Erth      20%        N/A       26%         4
 Orb of Destruction       Conj           25%        9d9       90%         7
 Spellforged Servitor     Conj/Summ      17%        N/A       100%        7


Dungeon Overview and Level Annotations

Branches:
Dungeon (1/1)

Altars:
Cheibriados
Dithmenos
Elyvilon
Fedhas
Gozag
Hepliaklqana
Kikubaaqudgha
Makhleb
Nemelex Xobeh
Okawaru
Qazlal
Ru
Sif Muna
Trog
Uskayaw
Vehumet
Wu Jian
Xom
Yredelemnul
Zin
The Shining One
Jiyva
Lugonu


Innate Abilities, Weirdness & Mutations

You have a pair of small antennae on your head.
Your mind is acute. (Int +4, Str/Dex -1)
Your system is resistant to poisons. (rPois)


Message History

Confirm with . or Enter, or press ? or * to list all spells.
Casting: Flame Wave (dangerous; 1% risk of failure)
Press: ? - help, Dir - look around, f - activate A wave of flame ripples out!
The flame wave engulfs the two-headed ogre.
The two-headed ogre is moderately wounded. (Press . to intensify the flame waves.)
The two-headed ogre misses you. The two-headed ogre closely misses you.
A wave of flame ripples out!
The flame wave engulfs the two-headed ogre.
The two-headed ogre is moderately wounded.
The flame wave engulfs the two-headed ogre!
The two-headed ogre is moderately wounded.
The two-headed ogre hits you with a +0 giant club!!
Ouch! That really hurt!
* * * LOW HITPOINT WARNING * * *
The two-headed ogre closely misses you.
Unknown command.
A wave of flame ripples out!
The flame wave engulfs the two-headed ogre!
The two-headed ogre is burned terribly!
The two-headed ogre is severely wounded.
The flame wave engulfs the two-headed ogre!!
The two-headed ogre is severely wounded.
The flame wave engulfs the two-headed ogre!
The two-headed ogre is severely wounded.
You finish channelling waves of flame.
Unknown command.
Casting: Flame Wave (dangerous; 1% risk of failure)
Confirm with . or Enter, or press ? or * to list all spells.
Casting: Flame Wave (dangerous; 1% risk of failure)
Press: ? - help, Dir - look around, f - activate A wave of flame ripples out!
The flame wave engulfs the two-headed ogre!
The two-headed ogre is burned terribly!
The two-headed ogre is almost dead. (Press . to intensify the flame waves.)
The two-headed ogre completely misses you.
The two-headed ogre hits you with a +0 giant club!!
You die...

♣♣♣.###'#'###)##
.♣..#..........#
♣.♣.'.⌠........#
~...#...######'#
....#)⌠.#__#...# #
....#...#__#...# #.#
....#'###__#...##{
..
....#.).#__#...'##.#
....#___#__'...#@OO#
▓▓▓▓▓▓▓▓▓▓▓▓▓▓▓▓▓▓▓▓
{ {


You could see 2 two-headed ogres.

Vanquished Creatures
  A deep elf pyromancer (D)
  A shadow (D)
  A spatial vortex (D)
  A necrophage (D)
  A water elemental (D)
  A jelly (D)
  A necromancer (D)
  A wizard (D)
  A kobold demonologist (D)
  3 humans (D)
  A wolf (D)
  An endoplasm (D)
  3 rats (D)
17 creatures vanquished.

Vanquished Creatures (others)
  33 foxfires (D)
33 creatures vanquished.

Grand Total: 50 creatures vanquished

Notes
Turn   | Place    | Note
-------+----------+-------------------------------------------
     0 | D        | mhtbhm the Deep Elf Fire Elementalist began the quest for
                  | the Orb.
     0 | D        | Reached XP level 1. HP: 10/10 MP: 6/6
   322 | D        | Reached skill level 4 in Spellcasting
   322 | D        | Reached skill level 5 in Fire Magic
   322 | D        | Reached XP level 2. HP: 2/15 MP: 2/9
   576 | D        | Learned a level 2 spell: Scorch
   597 | D        | Reached skill level 5 in Spellcasting
   597 | D        | Reached XP level 3. HP: 10/19 MP: 5/11
   645 | D        | Gained mutation: Your system is resistant to poisons.
                  | (rPois) [potion of mutation]
   645 | D        | Gained mutation: You have a pair of small antennae on your
                  | head. [potion of mutation]
   645 | D        | Gained mutation: Your mind is acute. (Int +4, Str/Dex -1)
                  | [potion of mutation]
   755 | D        | Learned a level 3 spell: Conjure Flame
   759 | D        | Learned a level 3 spell: Inner Flame
   761 | D        | Noticed a water elemental
   765 | D        | Killed a water elemental
   766 | D        | Reached skill level 6 in Spellcasting
   766 | D        | Reached XP level 4. HP: 24/24 MP: 7/14
   822 | D        | Found a radiant altar of Vehumet.
   823 | D        | Found a shimmering blue altar of Sif Muna.
   823 | D        | Found an ancient bone altar of Kikubaaqudgha.
   823 | D        | Noticed a wizard
   824 | D        | Killed a wizard
   825 | D        | Reached skill level 7 in Spellcasting
   828 | D        | Noticed a chaos spawn
   829 | D        | Noticed a sixfirhy
  1067 | D        | Reached XP level 5. HP: 28/28 MP: 12/17
  1075 | D        | Learned a level 4 spell: Flame Wave
  1085 | D        | Became a worshipper of Vehumet
  1102 | D        | Found a shadowy altar of Dithmenos.
  1105 | D        | Reached skill level 9 in Spellcasting
  1108 | D        | Found a basalt altar of Yredelemnul.
  1108 | D        | Found a sacrificial altar of Ru.
  1173 | D        | Found a glowing silver altar of Zin.
  1173 | D        | Found a glowing golden altar of the Shining One.
  1173 | D        | Found a white marble altar of Elyvilon.
  1173 | D        | Noticed a deep elf pyromancer
  1176 | D        | Killed a deep elf pyromancer
  1176 | D        | Reached * piety under Vehumet
  1176 | D        | Offered knowledge of Sandblast by Vehumet.
  1177 | D        | Reached skill level 5 in Dodging
  1177 | D        | Reached skill level 12 in Spellcasting
  1177 | D        | Reached skill level 5 in Conjurations
  1177 | D        | Reached XP level 6. HP: 22/33 MP: 12/23
  1177 | D        | Reached XP level 7. HP: 25/37 MP: 13/25
  1273 | D        | Found a hide-covered altar of Uskayaw.
  1273 | D        | Found an iron altar of Okawaru.
  1273 | D        | Found a bloodstained altar of Trog.
  1273 | D        | Found an ornate altar of the Wu Jian Council.
  1273 | D        | Noticed a human
  1273 | D        | Noticed a human
  1277 | D        | Killed a human
  1278 | D        | Reached skill level 5 in Stealth
  1278 | D        | Reached skill level 13 in Spellcasting
  1280 | D        | Killed a human
  1281 | D        | Reached skill level 14 in Spellcasting
  1436 | D        | Noticed a shadow
  1439 | D        | Killed a shadow
  1439 | D        | Offered knowledge of Freeze by Vehumet.
  1439 | D        | Reached ** piety under Vehumet
  1440 | D        | Reached XP level 8. HP: 33/42 MP: 21/28
  1510 | D        | Found a blossoming altar of Fedhas.
  1510 | D        | Found a stormy altar of Qazlal.
  1510 | D        | Found a snail-covered altar of Cheibriados.
  1510 | D        | Found a burning altar of Makhleb.
  1510 | D        | Found a shimmering altar of Xom.
  1511 | D        | Found a hazy altar of Hepliaklqana.
  1511 | D        | Found an opulent altar of Gozag.
  1511 | D        | Found a sparkling altar of Nemelex Xobeh.
  1511 | D        | Found a corrupted altar of Lugonu.
  1511 | D        | Found a viscous altar of Jiyva.
  1530 | D        | Reached skill level 15 in Spellcasting
  1644 | D        | Mangled by a two-headed ogre

Illustrated notes

Levels and vault maps discovered:
D:        dungeon_sprint_mu [sprint_mu_entry_forest, sprint_mu_temple_rooms,
          sprint_mu_d1_spiders, sprint_mu_d2_genie, sprint_mu_d3_branching,
          sprint_mu_orc_legion, sprint_mu_elf_gauntlet, sprint_mu_hive_nellie,
          sprint_mu_lair_fedhas, sprint_mu_vaults_butterflies,
          sprint_mu_slime_circle, sprint_mu_swamp_cave, sprint_mu_shoals_archi,
          sprint_mu_blade_basic, sprint_mu_crypt_chambers,
          sprint_mu_tomb_spiral, sprint_mu_vestibule_basic,
          sprint_mu_gehenna_hellfire, sprint_mu_dis_giant,
          sprint_mu_tartarus_statrot, sprint_mu_cocytus_islands, sprint_mu_zot1]

Skill      XL: |  1  2  3  4  5  6  7  8 |
---------------+-------------------------+-----
Fire Magic     | 5 7 11 12 13 | 13.0
Dodging        | 3 4 5 6 |  6.1
Stealth        | 3 4 5 |  5.3
Spellcasting   | 4 5 6 7 12 14 15 | 15.0
Conjurations   | 2 3 5 |  5.7
Fighting       | |  0.7

Action                   |  1- 3 |  4- 6 |  7- 9 || total
-------------------------+-------+-------+-------++-------
 Cast: Foxfire           |    23 |     1 |       ||    24
       Scorch            |     4 |    15 |     5 ||    24
       Flame Wave        |       |       |     9 ||     9
  Use: Potion            |     3 |     1 |       ||     4
       Scroll            |       |     1 |       ||     1
Armor: Robe              |     1 |       |       ||     1
Dodge: Dodged            |     8 |     4 |     7 ||    19

Table legend: (Time is in decaauts)
 A = Elapsed time spent in this place.
 B = Non-inter-level travel time spent in this place.
 C = Inter-level travel time spent in this place.
 D = Time resting spent in this place.
 E = Time spent auto-exploring this place.
 F = Levels seen in this place.
 G = Mean time per level.
                   A        B        C        D        E       F      G
               +--------+--------+--------+--------+--------+-----+--------+
         Total |   1627 |   1627 |      0 |   1275 |     28 |   1 | 1627.0 |
       Dungeon |   1627 |   1627 |      0 |   1275 |     28 |   1 | 1627.0 |
               +--------+--------+--------+--------+--------+-----+--------+

Top non-repeatable levels by time:
       D: 1627 daAuts
